 Dungeon Crawl Stone Soup version 0.29.1-4-g47bece8355 (webtiles) character file.

Game seed: 4359949723907106782

23 javelincjr the Magician (level 3, 0/25 HPs)
             Began as a Djinni Conjurer on Dec 9, 2022.
             Slain by a river rat (5 damage)
             ... on level 3 of the Dungeon.
             The game lasted 00:02:45 (410 turns).

javelincjr the Magician (Djinni Conjurer)            Turns: 410, Time: 00:02:46

Health: 0/25       AC:  2    Str:  6    XL:     3   Next: 10%
Gold:   44         EV: 12    Int: 21    God:
                   SH:  0    Dex: 11

rFire   + + .      SeeInvis .   k - +0 spear
rCold   x . .      Faith    .   (no shield)
rNeg    . . .      Spirit   .   a - +0 robe
rPois   ∞          Reflect  .   (no helmet)
rElec   .          Harm     .   (no cloak)
rCorr   .          Rampage  .   (no gloves)
Will    .....                   (boots unavailable)
Stlth   ++........              (no amulet)
HPRegen 0.08/turn               c - +4 ring of slaying
MPRegen 0.00/turn               (no ring)

@: flying
A: sickness immunity, fire resistance 2, cold vulnerability 1, float, innate
caster, HP casting, extra vitality 1
a: no special abilities


You were on level 3 of the Dungeon.
You visited 1 branch of the dungeon, and saw 3 of its levels.

You collected 44 gold pieces.

Inventory:

Hand Weapons
 k - a +0 spear (weapon)
Missiles
 l - 4 poisoned darts
Armour
 a - a +0 robe (worn)
Jewellery
 c - a +4 ring of slaying (left hand)
Scrolls
 b - a scroll of torment {unknown}
 f - a scroll of amnesia {unknown}
 g - a scroll of identify {unknown}
 i - a scroll of immolation {unknown}
 j - a scroll of fear {unknown}
 m - a scroll of teleportation {unknown}
Potions
 d - a potion of degeneration {unknown}
 e - a potion of berserk rage {unknown}
 h - a potion of curing {unknown}


   Skills:
 + Level 0.1 Polearms
 + Level 2.4 Dodging
 + Level 1.5 Stealth
 + Level 3.8 Spellcasting


You couldn't memorise any spells.
You knew the following spells:

 Your Spells              Type           Power      Damage    Failure   Level
a - Magic Dart            Conj           76%        1d6       2%          1
b - Searing Ray           Conj           38%        2d5       3%          2
c - Dazzling Flash        Conj/Hex       38%        N/A       8%          3
d - Fulminant Prism       Conj/Hex       9%         3d7       26%         4
e - Iskenderun's Mystic   Conj/Tloc      19%        2d6       26%         4
f - Freeze                Ice            76%        1d9       2%          1
Your spell library was empty.

Dungeon Overview and Level Annotations

Branches:
Dungeon (3/15)

Altars:
Makhleb

Portals:
Sewer: D:3


Innate Abilities, Weirdness & Mutations

You are immune to sickness and miasma.
You are immune to poison.
Your flesh is very heat resistant. (rF++)
You are vulnerable to cold. (rC-)
You float through the air rather than walking.
You learn spells naturally, not from books.
Your magical power is your life essence.
You have superior vitality. (+4 MHP)


Message History

Found 13 stones. 2 river rats, a rat and an orc come into view.
A giant cockroach and a rat come into view.
Found a glowing drain.
The river rat barely misses you.
You see here 7 stones.
The river rat closely misses you.
Casting: Magic Dart (safe; 3% risk of failure)
Confirm with . or Enter, or press ? or * to list all spells.
Aiming: Searing Ray (safe; 4% risk of failure)
Press: ? - help, Shift-Dir - straight line, f - river rat
Aim: a river rat (75% to hit)
The searing ray misses the river rat.
The searing ray hits the giant cockroach!
You kill the giant cockroach!
The searing ray misses the orc. (Press . to maintain the ray.)
The river rat closely misses you.
The searing ray hits the river rat.
The river rat is heavily wounded.
The searing ray hits the orc.
The orc is heavily wounded.
* * * LOW HITPOINT WARNING * * *
The river rat barely misses you.
The searing ray hits the river rat!
You kill the river rat!
The searing ray hits the river rat.
The river rat is severely wounded.
* * * LOW HITPOINT WARNING * * *
You have reached level 3!
Your experience leads to an increase in your attributes!
Increase (S)trength, (I)ntelligence, or (D)exterity?
You feel clever. x2
The power to cast Freeze wells up from within.
Spell assigned to 'f'.
The searing ray misses the river rat.
* * * LOW HITPOINT WARNING * * *
You finish channelling your searing ray.
The river rat bites you.
You die...

#...# #..[# #...#
#...## #.....
#...#.
#############...#
#..............<#
#@###########...##
#r###### ###.:.
#ro~~~∩# #...
#.~~r~~# #...
#(.~~~~# #...
#....~~# #.#.
#.....~# #.#.
#....### #.#.
###### #...


You could see a river rat, an orc and a rat.

Vanquished Creatures
  A river rat (D:3)
  2 ball pythons (D:3)
  2 bats
  An endoplasm (D:3)
  A giant cockroach (D:3)
  A goblin (D:3)
  2 hobgoblins
  2 frilled lizards
  A rat (D:1)
13 creatures vanquished.

Notes
Turn   | Place    | Note
-------+----------+-------------------------------------------
     0 | D:1      | javelincjr the Djinni Conjurer began the quest for the Orb.
     0 | D:1      | javelincjr set off with the following spells memorised:
                  | Magic Dart, Searing Ray, Dazzling Flash, Fulminant Prism,
                  | Iskenderun's Mystic Blast.
     0 | D:1      | Reached XP level 1. HP: 15/15 MP: 0/0
   301 | D:3      | Reached XP level 2. HP: 19/21 MP: 0/0
   326 | D:3      | Found a burning altar of Makhleb.
   403 | D:3      | Found a glowing drain.
   410 | D:3      | Reached XP level 3. HP: 6/25 MP: 0/0
   410 | D:3      | Learned a level 1 spell: Freeze
   410 | D:3      | Slain by a river rat

Illustrated notes

Levels and vault maps discovered:
D:1:      matt_arrival_refuge, layout_rooms,
          chequers_ecumenical_altar_simple_redux
D:2:      layout_basic, serial_shops, nicolae_shop_hallway_stairs
D:3:      layout_rooms, bloody_makhleb, portal_sewer_entry_b,
          minmay_crystal_water

Action                   || total
-------------------------++-------
Melee: Unarmed           ||     1
       Spear             ||     7
 Cast: Magic Dart        ||    14
       Searing Ray       ||     1
Armor: Robe              ||     1
Dodge: Dodged            ||    16
